 Dungeon Crawl Stone Soup version 0.28-a0-537-g3bccd9ccbf (webtiles) character file.

Game seed: 9309177852562870370

875 Demosthentine the Poker (level 8, 0/62 HPs)
             Began as a Merfolk Gladiator on Sept 27, 2021.
             Killed from afar by Dowan (20 damage)
             ... with a shard of ice
             ... on level 5 of the Dungeon.
             The game lasted 00:04:16 (5484 turns).

Demosthentine the Poker (Merfolk Gladiator)         Turns: 5484, Time: 00:04:17

Health: 0/62       AC:  5    Str: 16    XL:     8   Next: 4%
Magic:  8/8        EV: 15    Int:  8    God:
Gold:   782        SH:  0    Dex: 15    Spells: 7/7 levels left

rFire   . . .      SeeInvis .   a - +0 trident
rCold   . . .      Faith    .   (no shield)
rNeg    . . .      Spirit   .   b - +0 leather armour
rPois   .          Reflect  .   c - +0 helmet
rElec   .          Harm     .   (no cloak)
rCorr   .          Rampage  .   (no gloves)
Will    .....                   j - +0 pair of boots
Stlth   +.........              (no amulet)
HPRegen 0.20/turn               (no ring)
MPRegen 0.11/turn               (no ring)

@: no status effects
A: (nimble swimmer 2), mertail
a: no special abilities


You were on level 5 of the Dungeon.
You visited 1 branch of the dungeon, and saw 5 of its levels.

You collected 918 gold pieces.
You spent 136 gold pieces at shops.

Inventory:

Hand Weapons
 a - a +0 trident (weapon)
Missiles
 d - 3 throwing nets (quivered)
Armour
 b - a +0 leather armour (worn)
 c - a +0 helmet (worn)
 j - a +0 pair of boots (worn)
 q - a +0 buckler
Jewellery
 o - a +4 ring of protection
 t - a ring of positive energy
Wands
 n - a wand of polymorph (7)
Scrolls
 f - a scroll of noise {unknown}
 i - 2 scrolls of teleportation
 l - a scroll of blinking
 m - a scroll of identify
 s - a scroll of fog
 u - a scroll of amnesia {unknown}
 v - a scroll of torment {unknown}
Potions
 e - 2 potions of might
 g - 3 potions of curing
 h - a potion of haste
 p - a potion of magic
 r - a potion of lignification {unknown}


   Skills:
 + Level 5.0 Fighting
 + Level 7.4 Polearms
 - Level 2.0 Throwing
 + Level 2.8 Armour
 + Level 6.8 Dodging
 + Level 2.4 Shields


You had 7 spell levels left.
You didn't know any spells.
Your spell library contained the following spells:

 Spells                   Type           Power      Damage    Failure   Level
 Blink                    Tloc           N/A        N/A       61%         2
 Summon Guardian Golem    Hex/Summ       0%         N/A       83%         3
 Summon Horrible Things   Summ           0%         N/A       100%        8


Dungeon Overview and Level Annotations

Branches:
Dungeon (5/15)
 Temple: D:4-7

Altars:

Shops:
D:3 *

Annotations:
D:5 1 runed translucent door, Crazy Yiuf, Dowan


Innate Abilities, Weirdness & Mutations

((You are quick and stealthy near water. (Stealth+, EV+, Speed+++)))
Your lower body shifts to a powerful aquatic tail in water.


Message History

Dowan gestures wildly while chanting.
Dowan blinks!
You barely miss Duvessa.
Duvessa is severely wounded.
Duvessa hits you with a +0 rapier.
Dowan casts a spell.
Dowan blinks!
You closely miss Duvessa.
Duvessa is severely wounded.
Duvessa hits you with a +0 rapier.
You closely miss Duvessa.
Duvessa is severely wounded.
Duvessa hits you with a +0 rapier!
* * * LOW HITPOINT WARNING * * *
You hit Duvessa.
Duvessa is almost dead.
Duvessa says, "Did you see that move?
Perfect!"
Duvessa misses you.
Dowan says, "Magic and the sword, together, will defeat you."
Dowan casts a spell at Duvessa.
Duvessa seems to speed up.
You feel much better. Duvessa hits you with a +0 rapier!
Duvessa barely misses you.
Unknown command.
You hit Duvessa.
Duvessa is almost dead.
Duvessa hits you with a +0 rapier.
You hit Duvessa.
You kill Duvessa!
Dowan screams, "No!
No!"
Dowan seems to find hidden reserves of power!
Your Fighting skill increases to level 5!
You have reached level 8!
You closely miss Dowan. Dowan barely misses you. x2
You miss Dowan. Dowan hits you with a +0 dagger.
You hit Dowan.
Dowan is lightly wounded.
Dowan gestures at you while chanting. The shard of ice hits you!!
You die...

........## ##.......##
..........# ##.......##
###.....######## # #
##...###.....# .#
#####..........# #.##
.........(.....###...####
##########....(.@e.......
#.....###...#### ###.###
...# #.# ...# #.# .ยง.#
#.. .... ### ##.## .#


You could see Dowan (fast).

Vanquished Creatures
  Menkaure (D:4)
  Duvessa (D:5)
  An ice beast (D:5)
  A black bear (D:5)
  An ogre (D:5)
  4 hounds
  An iguana (D:4)
  An orc wizard (D:5)
  A hound zombie (D:5)
  4 gnolls
  8 adders
  A white imp (D:5)
  4 dart slugs
  7 orcs (D:5)
  9 endoplasms
  4 giant cockroaches
  4 hobgoblins
  3 jackals (D:1)
  2 quokkas
  9 ball pythons
  8 bats
  4 frilled lizards
  7 kobolds
  5 rats
91 creatures vanquished.

Vanquished Creatures (others)
  3 plants (D:2)
3 creatures vanquished.

Grand Total: 94 creatures vanquished

Notes
Turn   | Place    | Note
-------+----------+-------------------------------------------
     0 | D:1      | Demosthentine the Merfolk Gladiator began the quest for the
                  | Orb.
     0 | D:1      | Reached XP level 1. HP: 16/16 MP: 1/1
   258 | D:1      | Reached XP level 2. HP: 23/23 MP: 2/2
   497 | D:1      | Reached XP level 3. HP: 27/28 MP: 3/3
   584 | D:1      | Reached skill level 5 in Polearms
   977 | D:2      | Found a faded altar of an unknown god.
  1327 | D:2      | Reached skill level 1 in Armour
  1327 | D:2      | Reached XP level 4. HP: 25/34 MP: 4/4
  2503 | D:3      | Found Ovam Kae's General Store.
  2516 | D:3      | Reached skill level 5 in Dodging
  2516 | D:3      | Reached XP level 5. HP: 41/41 MP: 5/5
  2517 | D:3      | Bought a scroll of teleportation for 39 gold pieces
  2909 | D:3      | Identified a scroll of acquirement
  2909 | D:3      | Acquired 669 gold pieces
  3017 | D:3      | Bought a scroll of blinking for 97 gold pieces
  3463 | D:4      | Got the Reference Book on Quantum Calling
  3547 | D:4      | Noticed Menkaure
  3556 | D:4      | Killed Menkaure
  3557 | D:4      | Reached skill level 6 in Polearms
  3557 | D:4      | Reached XP level 6. HP: 27/48 MP: 6/6
  4644 | D:5      | Entered Level 5 of the Dungeon
  4665 | D:5      | Reached skill level 1 in Shields
  4672 | D:5      | Reached XP level 7. HP: 5/54 MP: 7/7
  4878 | D:5      | Reached skill level 7 in Polearms
  5252 | D:5      | Found a runed translucent door.
  5253 | D:5      | Noticed Crazy Yiuf
  5451 | D:5      | Noticed Dowan
  5454 | D:5      | Noticed Duvessa
  5481 | D:5      | Killed Duvessa
  5482 | D:5      | Reached skill level 5 in Fighting
  5482 | D:5      | Reached XP level 8. HP: 21/62 MP: 8/8
  5484 | D:5      | Killed from afar by Dowan

Illustrated notes

Levels and vault maps discovered:
D:1:      tarquinn_simple_flora_water_c, layout_rooms, serial_glass,
          glass_columns_c, glass_columns_a, minmay_strange_pillars,
          minmay_strange_pillars, item_on_display_a, due_unseen_surprise,
          minivault_4, minmay_misc_feat_room, hangedman_decor_push,
          minmay_misc_feat_ornament
D:2:      layout_basic, shapermc_ecumenical_altar_mp_urbaneastern
D:3:      layout_basic, serial_shops, shop_fountains
D:4:      layout_gridville, uniq_menkaure
D:5:      layout_loops_ring, uniq_sigmund, uniq_duvessa, uniq_crazy_yiuf_cottage

Skill      XL: |  1  2  3  4  5  6  7 |
---------------+----------------------+-----
Polearms       | 5 6 7 |  7.4
Armour         | 1 2 |  2.8
Fighting       | 3 4 5 |  5.0
Dodging        | 5 6 |  6.8
Shields        | 1 2 |  2.4
Throwing       | |  2.0

Action                   |  1- 3 |  4- 6 |  7- 9 || total
-------------------------+-------+-------+-------++-------
Melee: Trident           |   114 |   160 |   106 ||   380
Throw: Throwing net      |       |     1 |       ||     1
  Use: Scroll            |     2 |     7 |       ||     9
       Potion            |       |       |     3 ||     3
 Stab: Sleeping          |       |     5 |       ||     5
       Distracted        |       |       |     1 ||     1
Armor: Leather armour    |    24 |    37 |    17 ||    78
Dodge: Dodged            |    55 |    88 |    56 ||   199

Table legend: (Time is in decaauts)
 A = Elapsed time spent in this place.
 B = Non-inter-level travel time spent in this place.
 C = Inter-level travel time spent in this place.
 D = Time resting spent in this place.
 E = Time spent auto-exploring this place.
 F = Levels seen in this place.
 G = Mean time per level.
                   A        B        C        D        E       F      G
               +--------+--------+--------+--------+--------+-----+--------+
         Total |   5479 |   5275 |    204 |    107 |   4470 |   5 | 1095.8 |
       Dungeon |   5479 |   5275 |    204 |    107 |   4470 |   5 | 1095.8 |
               +--------+--------+--------+--------+--------+-----+--------+

Top non-repeatable levels by time:
     D:4: 1476 daAuts
     D:2: 1299 daAuts
     D:3: 972 daAuts
     D:1: 898 daAuts
     D:5: 832 daAuts
